 Dungeon Crawl Stone Soup version 0.26.1-2-gb8aa6d0cf2 (webtiles) character file.

Game seed: 12942399131596057845

253 Groucho the Shooter (level 6, -1/32 HPs)
             Began as a Gargoyle Wanderer on Mar 11, 2021.
             Slain by a ball python (2 damage)
             ... in a sewer.
             The game lasted 00:06:22 (2857 turns).

Groucho the Shooter (Gargoyle Wanderer)             Turns: 2857, Time: 00:06:22

Health: -1/32      AC:  6    Str: 14    XL:     6   Next: 14%
Magic:  7/7        EV:  8    Int: 15    God:
Gold:   125        SH:  0    Dex: 10    Spells: 7/7 levels left

rFire    . . .     SeeInvis .   a - +2 shortbow
rCold    . . .     Faith    .   (shield currently unavailable)
rNeg     + . .     Spirit   .   e - +0 robe
rPois    ∞         Reflect  .   (no helmet)
rElec    +         Harm     .   (no cloak)
rCorr    .         Rampage  .   (no gloves)
Will     .....                  (no boots)
Stlth    +++.......             (no amulet)
HPRegen  0.10/turn              (no ring)
MPRegen  0.10/turn              (no ring)

@: about to teleport, constricted
A: negative energy resistance 1, electricity resistance, unbreathing,
petrification resistance, miasma immunity, AC +4
a: no special abilities


You were in a sewer.
You visited 1 branch of the dungeon, and saw 3 of its levels.
You also visited: Sewer.

You collected 125 gold pieces.

Inventory:

Hand Weapons
 a - a +2 shortbow (weapon)
 f - a +0 dagger
Missiles
 b - 30 arrows (quivered ammo)
Armour
 e - a +0 robe (worn)
 q - a +0 buckler
Jewellery
 m - an uncursed ring of flight {unknown}
 o - an uncursed ring of fire {unknown}
 r - a +6 ring of strength {unknown}
Wands
 t - a wand of iceblast (9)
Scrolls
 c - 2 scrolls of fog {unknown}
 g - 2 scrolls of teleportation
 i - 4 scrolls of magic mapping {unknown}
 j - 2 scrolls of enchant armour {unknown}
 k - a scroll of fear {unknown}
 n - 4 scrolls of identify {unknown}
 p - a scroll of enchant weapon {unknown}
 s - a scroll of immolation {unknown}
 x - a scroll of blinking {unknown}
Potions
 d - 4 potions of curing {unknown}
 h - a potion of haste {unknown}
 l - a potion of berserk rage {unknown}
 u - a potion of brilliance {unknown}
 v - a potion of might {unknown}
 w - 2 potions of magic {unknown}


   Skills:
 + Level 5.5 Bows
 + Level 4.7 Stealth
 - Level 1.0 Spellcasting
 - Level 1.8 Hexes
 - Level 1.8 Translocations


You had 7 spell levels left.
You didn't know any spells.
Your spell library contained the following spells:

 Spells                   Type           Power        Failure   Level
 Apportation              Tloc           12%          12%         1
 Foxfire                  Conj/Fire      0%           24%         1
 Portal Projectile        Hex/Tloc       12%          34%         3
 Inner Flame              Hex/Fire       3%           45%         3


Dungeon Overview and Level Annotations

Branches:
Dungeon (3/15)              Sewer (1/1)

Altars:
Xom


Innate Abilities, Weirdness & Mutations

You are resistant to torment.
Your stone body is resilient. (AC +4)
You are immune to poison.
You resist negative energy. (rN+)
You are resistant to electric shocks. (rElec)
You can survive without breathing.
You are immune to petrification.
You are immune to miasma.


Message History

The adder is lightly wounded.
The bullfrog hits you.
* * * LOW HITPOINT WARNING * * *
The bullfrog misses you.
The bullfrog hits you but does no damage.
The ball python bites you but does no damage.
The ball python constricts you.
Unknown command.
Sorry, you're not good enough to have a special ability.
Unknown command.
Unknown command.
As you read the scroll labelled YFIDUK KOENUR, it crumbles to dust.
You feel strangely unstable.
It was a scroll of teleportation.
The bullfrog hits you.
* * * LOW HITPOINT WARNING * * *
The adder bites you.
* * * LOW HITPOINT WARNING * * *
The bullfrog hits you but does no damage.
The adder bites you but does no damage. The ball python bites you.
You die...

#..'....# #..#....#
####...##
##################....#
.#≈≈≈≈≈≈≈≈≈≈≈≈≈≈≈......#
.(≈≈≈≈≈≈≈≈≈≈≈≈≈≈≈.....##
.≈≈≈(≈≈≈≈≈≈≈≈≈≈≈≈.....#
..S≈≈≈≈#FS≈≈≈≈≈≈≈.....#
≈≈≈#SF@≈≈≈≈≈≈≈≈...##
..≈(≈≈≈≈SS≈≈≈≈≈≈≈..###
####################


You could see 2 bullfrogs, 2 adders and 3 ball pythons.

Vanquished Creatures
  A gnoll (D:1)
  11 adders
  4 river rats (Sewer)
  2 oozes
  A worm (D:3)
  2 dart slugs
  2 leopard geckos (D:1)
  An orc (D:3)
  12 ball pythons
  2 giant cockroaches
  10 goblins
  8 hobgoblins
  5 kobolds (D:1)
  A quokka (D:3)
  6 bats
  5 frilled lizards
  31 rats
104 creatures vanquished.

Notes
Turn   | Place    | Note
-------+----------+-------------------------------------------
     0 | D:1      | Groucho the Gargoyle Wanderer began the quest for the Orb.
     0 | D:1      | Groucho set off with the following items: a +2 shortbow, 22
                  | arrows, a +0 robe, a +0 dagger; and the following spells
                  | available to memorise: Apportation, Foxfire, Portal
                  | Projectile, Inner Flame
     0 | D:1      | Reached XP level 1. HP: 10/10 MP: 2/2
   194 | D:1      | Reached XP level 2. HP: 15/15 MP: 3/3
   462 | D:1      | Reached skill level 4 in Bows
   462 | D:1      | Reached XP level 3. HP: 15/19 MP: 4/4
  1052 | D:2      | Reached XP level 4. HP: 24/24 MP: 5/5
  1586 | D:2      | Reached XP level 5. HP: 28/28 MP: 6/6
  1641 | D:2      | Found a shimmering altar of Xom.
  1880 | D:3      | Reached skill level 5 in Bows
  1955 | D:3      | Found a glowing drain.
  1999 | Sewer    | Entered a sewer
  2465 | Sewer    | Reached XP level 6. HP: 32/32 MP: 7/7
  2857 | Sewer    | HP: 1/32 [adder (2)]
  2857 | Sewer    | Slain by a ball python

Illustrated notes

Levels and vault maps discovered:
D:1:      psy_arrival_basics, layout_basic
D:2:      layout_rooms, general_overflow_altar, minmay_fractal_squares_gapless_5
D:3:      layout_loops_corners, cheibrodos_sewer_entry_sluice,
          grunt_ministairs_4, lemuel_statue_altar
Sewer:    sewer_minmay_w

Skill      XL: |  1  2  3  4  5 |
---------------+----------------+-----
Bows           | 4 5 |  5.5
Stealth        | 3 4 |  4.7
Spellcasting   | |  1.0
Hexes          | |  1.8
Translocations | |  1.8

Action                   |  1- 3 |  4- 6 || total
-------------------------+-------+-------++-------
 Fire: Shortbow          |    66 |   206 ||   272
  Use: Scroll            |       |     1 ||     1
Armor: Robe              |     6 |    58 ||    64
Dodge: Dodged            |     6 |    97 ||   103
